 Dungeon Crawl Stone Soup version 0.28.0-49-g6dfe1f597d (webtiles) character file.

Game seed: 7130691367265097757

63 issech the Prestidigitator (level 4, -1/34 HPs)
             Began as a Gnoll Wanderer on May 17, 2022.
             Slain by a goblin
             ... wielding a +0 club
             ... led by Robin
              (4 damage)
             ... on level 3 of the Dungeon.
             The game lasted 00:08:21 (1935 turns).

issech the Prestidigitator (Gnoll Wanderer)         Turns: 1935, Time: 00:08:22

Health: -1/34      AC:  2    Str: 11    XL:     4   Next: 10%
Magic:  5/5        EV:  9    Int: 11    God:
Gold:   108        SH:  0    Dex: 14    Spells: 5/5 levels left

rFire   . . .      SeeInvis .   h - +2 short sword (speed)
rCold   . . .      Faith    .   (no shield)
rNeg    . . .      Spirit   .   d - +0 robe
rPois   .          Reflect  .   (no helmet)
rElec   .          Harm     .   (no cloak)
rCorr   .          Rampage  .   (no gloves)
Will    .....                   (no boots)
Stlth   ++........              (no amulet)
HPRegen 0.11/turn               (no ring)
MPRegen 0.09/turn               (no ring)

@: constricted
A: fangs 1, strong nose, distributed training
a: no special abilities


You were on level 3 of the Dungeon.
You visited 1 branch of the dungeon, and saw 3 of its levels.

You collected 108 gold pieces.

Inventory:

Hand Weapons
 a - a +0 short sword
 h - a +2 short sword of speed (weapon)
 m - a +0 hunting sling
Missiles
 g - 77 stones (quivered)
 o - 3 curare-tipped darts
 p - 3 poisoned darts
 q - 22 arrows
Armour
 d - a +0 robe (worn)
Wands
 b - a wand of mindburst (11)
Scrolls
 c - a scroll of teleportation
 e - 2 scrolls of holy word {unknown}
 i - a scroll of enchant weapon {unknown}
 k - a scroll of identify {unknown}
 l - 2 scrolls of amnesia {unknown}
 n - a scroll of magic mapping {unknown}
Potions
 f - 2 potions of curing {unknown}
 j - a potion of lignification {unknown}


   Skills:
 + Level 2.7 Fighting
 + Level 6.6 Short Blades
 + Level 1.0 Long Blades
 + Level 1.0 Axes
 + Level 1.0 Maces & Flails
 + Level 1.0 Polearms
 + Level 1.0 Staves
 + Level 1.0 Slings
 + Level 1.0 Bows
 + Level 1.0 Crossbows
 + Level 1.0 Throwing
 + Level 1.0 Armour
 + Level 2.7 Dodging
 + Level 1.0 Stealth
 + Level 1.0 Shields
 + Level 1.0 Unarmed Combat
 + Level 1.0 Spellcasting
 + Level 0.8 Conjurations
 + Level 0.8 Hexes
 + Level 0.8 Summonings
 + Level 0.8 Necromancy
 + Level 0.8 Translocations
 + Level 0.8 Transmutations
 + Level 0.8 Fire Magic
 + Level 0.8 Ice Magic
 + Level 0.8 Air Magic
 + Level 0.8 Earth Magic
 + Level 0.8 Poison Magic
 + Level 1.1 Invocations
 + Level 10.4 Evocations


You had 5 spell levels left.
You didn't know any spells.
Your spell library was empty.

Dungeon Overview and Level Annotations

Branches:
Dungeon (3/15)

Altars:

Shops:
D:1 [

Annotations:
D:3 Robin


Innate Abilities, Weirdness & Mutations

You have very sharp teeth.
Your uncanny sense of smell can sniff out nearby items.
Your experience applies equally to all skills.


Message History

The hobgoblin hits you. 2 hobgoblins and a howler monkey zombie come into view.
Robin roars a battlecry!
The hobgoblin goes into a battle-frenzy!
The hobgoblin barely misses you.
A goblin comes into view. It is wielding a +0 dagger.
The frilled lizard enters a dispersal trap!
The hobgoblin blinks!
The ball python blinks!
The frilled lizard blinks!
The goblin blinks!
The hobgoblin blinks!
The ball python blinks!
The goblin blinks!
The hobgoblin blinks!
You blink.
A goblin comes into view. It is wielding a +0 club.
The hobgoblin shouts!
The frilled lizard hisses angrily.
The goblin shouts! x2
The hobgoblin shouts!
You hit the goblin.
The goblin is moderately wounded.
The goblin hits you with a +0 dagger.
You closely miss the goblin.
The goblin is moderately wounded.
The goblin hits you but does no damage. The goblin misses you.
The goblin closely misses you. The ball python barely misses you.
The ball python grabs you. The ball python constricts you.
You barely miss the goblin.
The goblin is moderately wounded.
The goblin hits you but does no damage. The goblin hits you with a +0 club.
You hit the goblin. You bite the goblin.
You kill the goblin!
The goblin barely misses you. The ball python bites you.
The ball python constricts you. The goblin hits you with a +0 club.
You hit the hobgoblin but do no damage. The howler monkey zombie hits you.
The goblin barely misses you. The goblin hits you with a +0 club.
* * * LOW HITPOINT WARNING * * *
You puncture the hobgoblin!
You kill the hobgoblin!
The ball python bites you.
* * * LOW HITPOINT WARNING * * *
The ball python constricts you. The goblin barely misses you.
The goblin hits you with a +0 club.
* * * LOW HITPOINT WARNING * * *
The goblin hits you with a +0 club.
You die...

#.......#
#.......#
#.......#
#.......##
#........##
#..g......##
###.ggS......#
#...Z@ggg....##
.......ggg........
..##.#.lgg......##
.........l......
..##.##........##
. #.#....<.g...##
# #............
#............
#....(.......


You could see Robin, a howler monkey zombie, 5 hobgoblins, 6 goblins, a ball
python and 2 frilled lizards.

Vanquished Creatures
  An adder (D:2)
  A worm (D:2)
  A dart slug (D:1)
  6 endoplasms
  3 giant cockroaches
  3 hobgoblins
  2 jackals (D:1)
  4 kobolds
  3 quokkas (D:1)
  5 ball pythons
  5 bats
  7 goblins
  3 rats
44 creatures vanquished.

Notes
Turn   | Place    | Note
-------+----------+-------------------------------------------
     0 | D:1      | Reached skill level 10 in Evocations
     0 | D:1      | issech the Gnoll Wanderer began the quest for the Orb.
     0 | D:1      | issech set off with the following items: a +0 short sword,
                  | a wand of mindburst (12), a scroll of teleportation, a +0
                  | robe
     0 | D:1      | Reached XP level 1. HP: 17/17 MP: 1/1
   218 | D:1      | Reached XP level 2. HP: 15/23 MP: 2/2
   560 | D:1      | Found a faded altar of an unknown god.
   928 | D:1      | Reached XP level 3. HP: 27/28 MP: 3/3
  1050 | D:1      | Found Zid Onaid's Antique Armour Shop.
  1432 | D:2      | Reached skill level 1 in Invocations
  1495 | D:2      | Reached skill level 1 in Long Blades
  1495 | D:2      | Reached skill level 1 in Axes
  1495 | D:2      | Reached skill level 1 in Maces & Flails
  1495 | D:2      | Reached skill level 1 in Polearms
  1495 | D:2      | Reached skill level 1 in Staves
  1495 | D:2      | Reached skill level 1 in Slings
  1495 | D:2      | Reached skill level 1 in Bows
  1495 | D:2      | Reached skill level 1 in Crossbows
  1495 | D:2      | Reached skill level 1 in Throwing
  1495 | D:2      | Reached skill level 1 in Armour
  1495 | D:2      | Reached skill level 1 in Stealth
  1495 | D:2      | Reached skill level 1 in Shields
  1495 | D:2      | Reached skill level 1 in Unarmed Combat
  1495 | D:2      | Reached skill level 1 in Spellcasting
  1683 | D:2      | Reached XP level 4. HP: 34/34 MP: 5/5
  1924 | D:3      | Identified the +1 helmet of the Mind {Will+ MP+9 Stlth+}
  1924 | D:3      | Noticed Robin
  1935 | D:3      | Slain by a goblin

Illustrated notes

Levels and vault maps discovered:
D:1:      matt_arrival_grand_opening, layout_basic, basic_ecumenical_altar,
          serial_shops, nicolae_lakefront_shop, st_stairs_3
D:2:      layout_rooms
D:3:      layout_rooms, uniq_robin, uniq_natasha, uniq_grinder

Skill      XL: |  1  2  3 |
---------------+----------+-----
Evocations     | | 10.4
Invocations    | 1 |  1.1
Long Blades    | 1 |  1.0
Axes           | 1 |  1.0
Maces & Flails | 1 |  1.0
Polearms       | 1 |  1.0
Staves         | 1 |  1.0
Slings         | 1 |  1.0
Bows           | 1 |  1.0
Crossbows      | 1 |  1.0
Throwing       | 1 |  1.0
Armour         | 1 |  1.0
Stealth        | 1 |  1.0
Shields        | 1 |  1.0
Unarmed Combat | 1 |  1.0
Spellcasting   | 1 |  1.0
Fighting       | |  2.7
Short Blades   | |  6.6
Dodging        | |  2.7
Conjurations   | |  0.8
Hexes          | |  0.8
Summonings     | |  0.8
Necromancy     | |  0.8
Translocations | |  0.8
Transmutations | |  0.8
Fire Magic     | |  0.8
Ice Magic      | |  0.8
Air Magic      | |  0.8
Earth Magic    | |  0.8
Poison Magic   | |  0.8

Action                   |  1- 3 |  4- 6 || total
-------------------------+-------+-------++-------
Melee: Short sword       |   102 |    14 ||   116
       Bite              |     9 |     1 ||    10
Throw: Stone             |    36 |     2 ||    38
Evoke: Wand              |     1 |       ||     1
Armor: Robe              |    19 |     2 ||    21
Dodge: Dodged            |    53 |     9 ||    62
